 Dungeon Crawl Stone Soup version 0.25-a0-378-gd2ca0b7745 (webtiles) character file.

Game seed: 12925039001527449533, levelgen mode: deterministic

328238 DerDa the Tortoise (level 21, -1/202 HPs)
             Began as a Minotaur Berserker on Jan 7, 2020.
             Was a High Priest of Trog.
             Slain by a two-headed ogre
             ... wielding a +0 giant club
              (15 damage)
             ... while paralysed by an ogre mage
             ... on level 4 of the Vaults.
             The game lasted 02:45:49 (42294 turns).

DerDa the Tortoise (Minotaur Berserker)            Turns: 42294, Time: 02:45:50

Health: -1/202     AC: 21    Str: 32    XL:     21   Next: 12%
Magic:  29/29      EV:  2    Int:  4    God:    Trog [*****.]
Gold:   456        SH:  0    Dex: 15    Spells: 20/20 levels left

rFire    + + .     SeeInvis +   S - +7 long sword of Extermination {slice, Stlth+}
rCold    + . .     Gourm    .   C - +0 large shield
rNeg     . . .     Faith    .   d - +4 ring mail "Fafug" {rC+}
rPois    +         Spirit   .   P - +1 hat of Mutualism {*Contam Dex+4}
rElec    .         Reflect  +   F - scarf {cloud immunity}
rCorr    .         Harm     .   x - +1 pair of gloves {Str+3}
MR       +....                  t - +2 pair of boots {Stlth+}
Stlth    +.........             T - +6 amulet of reflection
HPRegen  0.43/turn              W - ring "Jytouwn" {rPois rF++ Str-2 SInv Stlth-}
MPRegen  0.21/turn              u - +3 ring of slaying

@: paralysed, berserk cooldown, starving, slowed, studying Armour, very slow
A: retaliatory headbutt, horns 2
}: 1/15 runes: gossamer
a: Berserk, Trog's Hand, Brothers in Arms, Renounce Religion


You were on level 4 of the Vaults.
You worshipped Trog.
Trog was extremely pleased with you.
You were starving.

You visited 6 branches of the dungeon, and saw 32 of its levels.
You also visited: Bailey, Gauntlet and Volcano.

You collected 3608 gold pieces.
You spent 3152 gold pieces at shops.

Inventory:

Hand Weapons
 a - a +3 double sword of slicing
 b - the +1 hand crossbow of the Heart {penet, rPois rF++ Stlth+}
   (You found it on level 4 of the Lair of Beasts)

   Ammo fired by it will pass through the targets it hits, potentially hitting
   all targets in its path until it reaches maximum range.
   It greatly protects you from fire.
   It protects you from poison.
   It makes you more stealthy.
 R - a +5 long sword of flaming
 S - the +7 long sword of Extermination (weapon) {slice, Stlth+}
   (Trog gifted it to you on level 1 of the Vaults)

   It inflicts extra damage upon your enemies.
   It makes you more stealthy.
Missiles
 n - 782 bolts
Armour
 d - the +4 ring mail "Fafug" (worn) {rC+}
   (You found it on level 14 of the Dungeon)

   It protects you from cold.
 t - a +2 pair of boots of stealth (worn)
 x - a +1 pair of gloves of strength (worn)
 C - a +0 large shield (worn)
 F - a scarf of cloud immunity (worn)
 P - the +1 hat of Mutualism (worn) {*Contam Dex+4}
   (You found it on level 9 of the Dungeon)

   It affects your dexterity (+4).
   It causes magical contamination when unequipped.
Jewellery
 u - a +3 ring of slaying (right hand)
 T - a +6 amulet of reflection (around neck)
 W - the ring "Jytouwn" (left hand) {rPois rF++ Str-2 SInv Stlth-}
   (You found it on level 14 of the Dungeon)

   [ring of see invisible]

   It affects your strength (-2).
   It greatly protects you from fire.
   It protects you from poison.
   It lets you see invisible.
   It makes you less stealthy.
Wands
 f - a wand of acid (2)
 s - a wand of scattershot (8)
 y - a wand of paralysis (15)
 D - a wand of polymorph (53)
 L - a wand of iceblast (30)
 Y - a wand of digging (4)
 Z - a wand of disintegration (19)
Scrolls
 e - 3 scrolls of summoning
 g - 12 scrolls of enchant weapon
 i - 10 scrolls of remove curse
 j - 7 scrolls of identify
 k - 17 scrolls of teleportation
 o - 6 scrolls of enchant armour
 p - 5 scrolls of magic mapping
 G - 6 scrolls of fog
 H - 2 scrolls of holy word
 J - 4 scrolls of immolation
 K - a scroll of fear
 N - 6 scrolls of blinking
 O - a scroll of silence
Potions
 l - 4 potions of might
 m - 10 potions of curing
 q - 4 potions of haste
 r - 2 potions of heal wounds
 v - 3 potions of cancellation
 z - 2 potions of magic
 A - 6 potions of agility
 E - 4 potions of flight
 I - a potion of invisibility
 M - 5 potions of ambrosia
 U - 5 potions of brilliance
Books
 w - a manual of Armour
Miscellaneous
 h - a fan of gales
 Q - a sack of spiders
 X - a phial of floods (inert)
Comestibles
 c - 52 rations


   Skills:
 + Level 20.3 Fighting
 + Level 14.0 Long Blades
 + Level 20.9 Armour
 + Level 18.9 Dodging
 + Level 15.7 Shields
 + Level 12.6 Evocations


You had 20 spell levels left.
You didn't know any spells.
Your spell library was empty.

Dungeon Overview and Level Annotations

Branches:
Dungeon (15/15)            Temple (1/1) D:4            Lair (6/6) D:11
 Shoals (0/4) Lair:3       Spider (4/4) Lair:2        Slime (0/5) Lair:6
    Orc (2/2) D:10            Elf (0/3) Orc:2        Vaults (4/5) D:13
  Crypt (0/3) Vaults:2     Depths (0/5) D:15         Bailey (visited)
Volcano (visited)         Gauntlet (visited)

Altars:
Ashenzari
Cheibriados
Dithmenos
Elyvilon
Fedhas
Gozag
Hepliaklqana
Kikubaaqudgha
Makhleb
Nemelex Xobeh
Okawaru
Qazlal
Ru
Sif Muna
Trog
Uskayaw
Vehumet
Wu Jian
Xom
Yredelemnul
Zin
The Shining One
Beogh
Jiyva

Shops:
D:12 *   Orc:2 =?!?   Vaults:3 :

Portals:
Trove: D:13 (give 9 potions of agility)


Innate Abilities, Weirdness & Mutations

You reflexively headbutt those who attack you in melee.
You have a pair of horns on your head.


Message History

The two-headed ogre hits you but does no damage. x2
The two-headed ogre hits you with a +0 giant spiked club.
* * * LOW HITPOINT WARNING * * *
The ogre mage points at you and mumbles some strange words.
You easily resist.
The two-headed ogre hits you with a +0 giant club!
* * * LOW HITPOINT WARNING * * *
The two-headed ogre hits you with a +0 giant spiked club!
* * * LOW HITPOINT WARNING * * *
The two-headed ogre hits you with a +0 giant club!
* * * LOW HITPOINT WARNING * * *
The two-headed ogre hits you with a +0 giant club.
* * * LOW HITPOINT WARNING * * *
The two-headed ogre barely misses you.
The two-headed ogre hits you with a +0 giant spiked club.
* * * LOW HITPOINT WARNING * * *
The ogre mage hits you but does no damage.
The two-headed ogre hits you but does no damage.
The two-headed ogre hits you with a +0 giant club!
You die...

.. ##### ... ....#....
...#.....#..
######..'.....#..
#....#≈≈#.....'.
#....#OO#.....# #
#.)'O@#.....# #
#.[))O#.....# #
#.)#..'.....# #
#..)..#..'.....# #
#..'..####.)...# # #..#...
#.....# # .'..#....
#.....##########
..'..#######........^......
#..#. #...............


You could see 3 two-headed ogres and an ogre mage.

Vanquished Creatures
  Mara (Spider:3)
  Bai Suzhen (Vaults:3)
  Nikola (Vaults:2)
  Rupert (D:15)
  Jorgrun (D:12)
  A sphinx (D:9)
  A lich (Vaults:4)
  2 storm dragons
  Kirke (Lair:6)
  Roxanne (Spider:4)
  3 tengu reavers
  A fire giant (Vaults:4)
  6 frost giants
  8 vault wardens
  5 ghost moths
  3 deep elf sorcerers (Vaults:4)
  A ghoul (Vaults:2)
  2 orc warlords
  10 ironheart preservers
  8 emperor scorpions
  6 very ugly things
  5 entropy weavers
  3 stone giants
  The ghost of marsu the Nimble, a journeyman OpCj of Sif Muna (Lair:5)
  5 dire elephants (Lair:6)
  Azrael (D:14)
  3 spark wasps
  A minotaur (Gauntlet)
  Snorg (Lair:6)
  A crystal guardian (Vaults:3)
  2 fire dragons (Vaults:2)
  4 great orbs of eyes
  4 ice dragons
  2 yaktaur captains
  Fannar (D:10)
  15 vault guards
  Erolcha (D:9)
  13 hydras
  A rakshasa (Vaults:3)
  Erica (Orc:1)
  A catoblepas (Lair:4)
  10 centaur warriors
  A two-headed ogre (shapeshifter) (D:15)
  3 death knights
  5 death yaks (Lair:4)
  3 deep troll shamans
  8 ogre magi
  38 two-headed ogres
  An anaconda (Lair:6)
  2 deep troll earth magi (D:13)
  2 tengu warriors (D:14)
  A storm dragon zombie (Vaults:4)
  Sonja (Orc:1)
  Nergalle (D:12)
  Urug (Orc:1)
  7 deep elf knights
  6 skeletal warriors
  A fire crab (Volcano)
  14 deep trolls
  2 flayed ghosts
  An unseen horror (D:13)
  A wizard (Vaults:2)
  A lindwurm (Volcano)
  2 large abominations (Gauntlet)
  6 deep elf archers
  13 orc knights
  An orange crystal statue (Vaults:1)
  3 phantasmal warriors
  7 ironbrand convokers
  A necromancer (Vaults:4)
  20 ugly things
  A shadow dragon skeleton (Vaults:4)
  27 wolf spiders
  8 deep elf magi
  An orc sorcerer (Orc:1)
  24 orb spiders
  9 cyclopes
  14 elephants (Lair:6)
  2 manticores (D:14)
  A cyclops (shapeshifter) (D:14)
  6 black mambas
  A molten gargoyle (Volcano)
  14 spiny frogs
  A gargoyle (D:10)
  13 vault sentinels
  Psyche (D:10)
  2 torpor snails
  A human zombie (Vaults:4)
  14 demonic crawlers
  15 yaktaurs
  6 rime drakes
  An efreet (D:14)
  4 komodo dragons
  A tengu conjurer (D:14)
  9 freezing wraiths
  14 trolls
  2 queen bees
  A harpy zombie (D:15)
  15 hornets
  A queen bee (shapeshifter) (Vaults:4)
  A tyrant leech (Gauntlet)
  3 meliai (D:13)
  34 jumping spiders
  Prince Ribbit (Lair:2)
  A harpy skeleton (D:15)
  10 slime creatures
  3 polar bears
  8 hippogriffs
  A fire giant simulacrum (Vaults:4)
  A snapping turtle (shapeshifter) (Vaults:1)
  18 blink frogs
  8 dream sheep
  A frost giant simulacrum (Vaults:1)
  A centaur simulacrum (D:14)
  2 vampires
  4 wraiths
  83 redbacks
  5 small abominations (Gauntlet)
  2 shadows
  38 tarantellas
  5 wyverns
  4 fire elementals (D:14)
  12 fire bats (Volcano)
  53 yaks
  8 basilisks
  A hog (Lair:6)
  3 vampire mosquitoes (D:12)
  A steam dragon (Volcano)
  3 hungry ghosts
  2 swamp worms (Gauntlet)
  2 soldier ants (D:11)
  3 wargs
  3 hell hounds
  10 porcupines
  35 water moccasins
  3 black bears
  49 orc warriors
  5 ice beasts
  A sky beast (D:8)
  2 phantoms
  6 necrophages
  43 ogres
  An eye of draining (D:14)
  5 boggarts
  15 wolves
  20 centaurs
  17 crocodiles
  6 big kobolds
  Blork the orc (D:4)
  25 bullfrogs
  A wyvern zombie (D:10)
  4 gnoll sergeants
  11 scorpions
  31 killer bees
  13 wights
  A howler monkey (D:4)
  6 lava snakes (Volcano)
  7 electric eels
  A bullfrog zombie (D:11)
  8 centaur zombies
  6 crimson imps
  6 quasits
  15 hounds
  4 jellies
  20 orc priests
  3 gnoll shamans (D:9)
  Crazy Yiuf (D:2)
  3 bullfrog skeletons
  Jessica (D:2)
  5 centaur skeletons
  5 iguanas
  22 orc wizards
  8 worker ants
  A killer bee zombie (D:9)
  2 hound zombies (D:6)
  A hound skeleton (D:3)
  A worker ant zombie (D:6)
  24 adders
  28 gnolls
  A worker ant simulacrum (D:9)
  2 oozes
  An adder zombie (D:8)
  7 worms
  3 dart slugs
  4 leopard geckos
  110 orcs
  2 ball pythons
  9 bats
  14 giant cockroaches
  5 hobgoblins (D:2)
  25 jackals
  22 kobolds
  A quokka (D:7)
  2 frilled lizards
  9 goblins
  A jackal zombie (D:6)
  A leopard gecko skeleton (D:4)
  7 rats
  3 bushes
  3 plants
1542 creatures vanquished.

Vanquished Creatures (others)
  2 deep elf archers
  5 yaktaurs
  A redback (Spider:1)
  3 humans (Lair:6)
  2 centaurs (Vaults:2)
  A howler monkey (D:4)
  A hound (D:4)
  An orc (Vaults:4)
  A ball python (D:4)
  8 fungi
  47 plants
72 creatures vanquished.

Grand Total: 1614 creatures vanquished

Notes
Turn   | Place    | Note
-------+----------+-------------------------------------------
     0 | D:1      | DerDa the Minotaur Berserker began the quest for the Orb.
     0 | D:1      | Reached XP level 1. HP: 19/19 MP: 0/0
    68 | D:1      | Reached XP level 2. HP: 24/27 MP: 1/1
   560 | D:1      | Found a shattered altar of Ashenzari.
   669 | D:2      | Reached XP level 3. HP: 33/33 MP: 2/2
  1025 | D:2      | Reached XP level 4. HP: 40/41 MP: 3/3
  1029 | D:2      | Reached ** piety under Trog
  1057 | D:2      | Found a white marble altar of Elyvilon.
  1264 | D:2      | Noticed Jessica
  1270 | D:2      | Killed Jessica
  1450 | D:2      | Found a runed translucent door.
  1451 | D:2      | Noticed Crazy Yiuf
  1541 | D:2      | Found a glowing golden altar of the Shining One.
  1672 | D:2      | Killed Crazy Yiuf
  1672 | D:2      | Reached skill level 5 in Fighting
  1672 | D:2      | Reached XP level 5. HP: 48/48 MP: 4/4
  2070 | D:3      | Found a sacrificial altar of Ru.
  2131 | D:3      | Found a snail-covered altar of Cheibriados.
  2211 | D:3      | Reached *** piety under Trog
  2211 | D:3      | Reached XP level 6. HP: 56/56 MP: 5/5
  2643 | D:4      | Found a staircase to the Ecumenical Temple.
  2725 | D:4      | Reached skill level 5 in Armour
  2752 | D:4      | Found a shimmering altar of Xom.
  2839 | D:4      | Noticed Blork the orc
  2846 | D:4      | Killed Blork the orc
  2846 | D:4      | Reached skill level 5 in Dodging
  2928 | D:4      | Reached XP level 7. HP: 63/63 MP: 6/6
  2942 | Temple   | Entered the Ecumenical Temple
  3312 | D:5      | Entered Level 5 of the Dungeon
  3406 | D:5      | Found an opulent altar of Gozag.
  3486 | D:5      | Found a glowing golden altar of the Shining One.
  3648 | D:5      | Found an ancient bone altar of Kikubaaqudgha.
  3702 | D:5      | Found a glowing silver altar of Zin.
  3924 | D:6      | Reached **** piety under Trog
  3933 | D:6      | Reached XP level 8. HP: 39/73 MP: 7/7
  4468 | D:6      | Found a blossoming altar of Fedhas.
  4992 | D:6      | Reached XP level 9. HP: 82/82 MP: 8/8
  5128 | D:7      | Reached ***** piety under Trog
  5128 | D:7      | Received a gift from Trog
  5661 | D:7      | Reached skill level 10 in Fighting
  5921 | D:8      | Reached skill level 10 in Armour
  6215 | D:8      | Found a burning altar of Makhleb.
  6215 | D:8      | Found an ornate altar of the Wu Jian Council.
  6266 | D:8      | Reached XP level 10. HP: 57/93 MP: 9/9
  6309 | D:8      | Received a gift from Trog
  6356 | D:8      | Found a roughly hewn altar of Beogh.
  6749 | D:9      | Found a bloodstained altar of Trog.
  6749 | D:9      | Found a shattered altar of Ashenzari.
  6754 | D:9      | Found a stormy altar of Qazlal.
  6775 | D:9      | Found a flagged portal.
  6792 | Bailey   | Entered a bailey
  7540 | Bailey   | Reached skill level 10 in Dodging
  8500 | Bailey   | Noticed an orc knight
  8512 | Bailey   | Killed an orc knight
  8515 | Bailey   | Received a gift from Trog
  8840 | D:9      | Noticed Erolcha
  8849 | D:9      | Killed Erolcha
  9014 | D:9      | Reached XP level 11. HP: 91/103 MP: 3/10
  9306 | D:9      | Found a runed translucent door.
  9306 | D:9      | Noticed a seven-headed hydra
  9306 | D:9      | Noticed a stone giant
  9308 | D:9      | Noticed an orc warlord
  9308 | D:9      | Noticed a deep troll
  9308 | D:9      | Noticed a sphinx
  9529 | D:9      | Got a polished hat
  9535 | D:9      | Identified the +1 hat of Mutualism {*Contam Dex+4} (You
                  | found it on level 9 of the Dungeon)
  9550 | D:10     | Entered Level 10 of the Dungeon
  9664 | D:10     | Found a staircase to the Orcish Mines.
  9694 | D:10     | Received a gift from Trog
  9931 | D:10     | Noticed Psyche
  9938 | D:10     | Killed Psyche
 10331 | D:10     | Noticed Fannar
 10350 | D:10     | Killed Fannar
 11119 | D:11     | Found a staircase to the Lair.
 11216 | D:11     | Received a gift from Trog
 11657 | D:11     | You fall into a shaft and drop 3 floors!
 11706 | D:14     | Got a smelly ring mail
 11711 | D:14     | Noticed a two-headed ogre
 11723 | D:14     | Killed a two-headed ogre
 11723 | D:14     | Reached XP level 12. HP: 97/114 MP: 11/11
 12208 | D:14     | Noticed a centaur warrior
 12220 | D:14     | Killed a centaur warrior
 12595 | D:14     | Noticed a centaur warrior
 12595 | D:14     | Noticed an eight-headed hydra
 12601 | D:14     | Noticed a centaur warrior
 13008 | D:14     | Found a shimmering altar of Xom.
 13158 | D:14     | Found a sacrificial altar of Ru.
 13317 | D:14     | Noticed Azrael
 13333 | D:14     | Received a gift from Trog
 13338 | D:14     | Killed Azrael
 13397 | D:14     | Noticed a tengu warrior
 13406 | D:14     | Killed a tengu warrior
 13438 | D:14     | Identified the +4 ring mail "Fafug" {rC+} (You found it on
                  | level 14 of the Dungeon)
 13522 | D:14     | Noticed a tengu warrior
 13527 | D:14     | Reached skill level 1 in Shields
 13532 | D:14     | Killed a tengu warrior
 13532 | D:14     | Reached skill level 1 in Evocations
 13551 | D:14     | Got a glittering copper ring
 14122 | D:13     | Noticed a vault guard
 14223 | D:13     | Noticed a vault guard
 14235 | D:14     | Killed a vault guard
 14235 | D:14     | Reached XP level 13. HP: 109/124 MP: 13/13
 14464 | D:13     | Found a gate to the Vaults.
 14469 | D:13     | Reached skill level 15 in Fighting
 14496 | D:14     | Identified the ring "Jytouwn" {rPois rF++ Str-2 SInv
                  | Stlth-} (You found it on level 14 of the Dungeon)
 14687 | D:13     | Reached skill level 15 in Armour
 15283 | D:13     | Received a gift from Trog
 15285 | D:13     | Reached skill level 5 in Shields
 15543 | D:13     | Found a portal to a secret trove of treasure.
 15718 | D:12     | Found Diodu's Changing Room.
 15957 | D:12     | Noticed Nergalle
 15970 | D:12     | Killed Nergalle
 16012 | D:12     | Noticed Jorgrun
 16028 | D:12     | Killed Jorgrun
 16504 | D:12     | Reached XP level 14. HP: 135/135 MP: 16/16
 16684 | D:12     | Found a sparkling altar of Nemelex Xobeh.
 16933 | D:11     | Received a gift from Trog
 17297 | Lair:1   | Entered Level 1 of the Lair of Beasts
 17342 | Lair:1   | Reached skill level 5 in Evocations
 18608 | Lair:2   | Found a hole to the Spider Nest.
 18651 | Lair:2   | Received a gift from Trog
 18750 | Lair:2   | Noticed Prince Ribbit
 18759 | Lair:2   | Killed Prince Ribbit
 19495 | Lair:3   | Reached skill level 15 in Dodging
 19642 | Lair:3   | Found a staircase to the Shoals.
 19668 | Lair:3   | You fall into a shaft and drop 1 floor!
 19893 | Lair:4   | Received a gift from Trog
 20091 | Lair:4   | Got a crystal hand crossbow
 20258 | Lair:4   | Reached XP level 15. HP: 94/144 MP: 19/19
 21299 | Lair:4   | Identified the cursed +1 hand crossbow of the Heart {penet,
                  | rPois rF++ Stlth+} (You found it on level 4 of the Lair of
                  | Beasts)
 21444 | Lair:5   | Found a shimmering altar of Xom.
 21503 | Lair:5   | Received a gift from Trog
 21514 | Lair:5   | Found a large runed translucent door.
 21514 | Lair:5   | Found a large runed translucent door.
 21515 | Lair:5   | Noticed marsu's ghost (journeyman OpCj)
 22172 | Lair:5   | Killed marsu's ghost
 22203 | Lair:6   | Entered Level 6 of the Lair of Beasts
 22489 | Lair:6   | Reached skill level 5 in Long Blades
 22692 | Lair:6   | Found a viscous altar of Jiyva.
 22693 | Lair:6   | Found a staircase to the Slime Pits.
 22699 | Lair:6   | Noticed Snorg
 22714 | Lair:6   | Killed Snorg
 22714 | Lair:6   | Received a gift from Trog
 23208 | Lair:6   | Noticed Kirke
 23220 | Lair:6   | Killed Kirke
 23284 | Lair:6   | Reached skill level 10 in Shields
 24092 | Orc:1    | Entered Level 1 of the Orcish Mines
 24215 | Orc:1    | Found a dark tunnel.
 24225 | Volcano  | Entered a volcano
 24341 | Volcano  | Found a radiant altar of Vehumet.
 24610 | Orc:1    | Found a roughly hewn altar of Beogh.
 24849 | Orc:2    | Entered Level 2 of the Orcish Mines
 24861 | Orc:2    | Received a gift from Trog
 24909 | Orc:2    | Reached XP level 16. HP: 146/154 MP: 21/21
 25753 | Orc:1    | Found a roughly hewn altar of Beogh.
 25772 | Orc:1    | Noticed Erica
 25779 | Orc:1    | Killed Erica
 25779 | Orc:1    | Received a gift from Trog
 25782 | Orc:1    | Noticed Urug
 25853 | Orc:1    | Killed Urug
 25913 | Orc:1    | Found a roughly hewn altar of Beogh.
 25930 | Orc:1    | Noticed Sonja
 25945 | Orc:1    | Killed Sonja
 26069 | Orc:1    | You fall into a shaft and drop 1 floor!
 26184 | Orc:2    | Found a staircase to the Elven Halls.
 26185 | Orc:2    | Found Ewoadaen's Magic Scroll Boutique.
 26188 | Orc:2    | Found Nuvom's Jewellery Boutique.
 26190 | Orc:2    | Found Ihell's Distillery.
 26192 | Orc:2    | Bought a +6 amulet of reflection for 994 gold pieces
 26198 | Orc:2    | Found Fonkue's Magic Scroll Shop.
 26229 | Orc:2    | Bought a potion of ambrosia for 128 gold pieces
 26234 | Orc:2    | Bought a scroll of identify for 24 gold pieces
 26234 | Orc:2    | Bought a scroll of vulnerability for 90 gold pieces
 26234 | Orc:2    | Bought a scroll of identify for 24 gold pieces
 26246 | Orc:2    | Bought a scroll of identify for 28 gold pieces
 26246 | Orc:2    | Bought a scroll of magic mapping for 49 gold pieces
 26246 | Orc:2    | Bought a scroll of magic mapping for 49 gold pieces
 26722 | D:9      | Killed a sphinx
 26735 | D:9      | Identified the Papyrus of Shifting Poisoning
 26744 | D:9      | Got a bone scimitar
 26994 | D:15     | Entered Level 15 of the Dungeon
 27074 | D:15     | Found a gate leading to a gauntlet.
 27098 | Gauntlet | Entered a Gauntlet
 27098 | Gauntlet | Found a transporter.
 27098 | Gauntlet | Found a transporter.
 27102 | Gauntlet | Found a transporter.
 27103 | Gauntlet | Found a transporter.
 27103 | Gauntlet | Found a transporter.
 27104 | Gauntlet | Found a large runed translucent door.
 27105 | Gauntlet | Found a large runed translucent door.
 27106 | Gauntlet | Found a large runed translucent door.
 27106 | Gauntlet | Found a large runed translucent door.
 27106 | Gauntlet | Found a runed translucent door.
 27107 | Gauntlet | Found a runed translucent door.
 27108 | Gauntlet | Found a large runed translucent door.
 27109 | Gauntlet | Found a large runed translucent door.
 27109 | Gauntlet | Found a large runed translucent door.
 27109 | Gauntlet | Found a large runed translucent door.
 27110 | Gauntlet | Found a large runed translucent door.
 27110 | Gauntlet | Found a large runed translucent door.
 27111 | Gauntlet | Found a large runed translucent door.
 27111 | Gauntlet | Found a large runed translucent door.
 27113 | Gauntlet | Found a runed translucent gate.
 27113 | Gauntlet | Found a runed translucent gate.
 27113 | Gauntlet | Found a runed translucent gate.
 27115 | Gauntlet | Found a transporter.
 27124 | Gauntlet | Found a transporter.
 27128 | Gauntlet | Found a large runed translucent door.
 27129 | Gauntlet | Found a large runed translucent door.
 27131 | Gauntlet | Found a transporter.
 27139 | Gauntlet | Found a transporter.
 27140 | Gauntlet | Found a large runed translucent door.
 27140 | Gauntlet | Found a large runed translucent door.
 27285 | Gauntlet | Got an encrusted cloak
 27312 | Gauntlet | Identified the +2 cloak "Xeurhacs" {rF+} (You found it in a
                  | Gauntlet)
 27386 | Gauntlet | Found the +7 captain's cutlass {speed, disarm}
 27438 | D:15     | Reached XP level 17. HP: 135/162 MP: 22/22
 27661 | D:15     | Noticed Rupert
 27676 | D:15     | Killed Rupert
 28085 | D:15     | Received a gift from Trog
 28143 | D:15     | Identified the cursed +1 scimitar "Pendulum" {elec, +Rage
                  | rPois rC- Dex+7} (You found it on level 9 of the Dungeon)
 28146 | D:15     | Identified a scroll of acquirement
 28730 | D:15     | Found a staircase to the Depths.
 29137 | Spider:1 | Entered Level 1 of the Spider Nest
 29543 | Spider:1 | Received a gift from Trog
 29763 | Spider:1 | Reached XP level 18. HP: 131/171 MP: 12/24
 30077 | Spider:1 | Received a gift from Trog
 31183 | Spider:2 | Reached skill level 10 in Long Blades
 31210 | Spider:2 | Reached skill level 10 in Evocations
 31742 | Spider:3 | Noticed Mara
 31746 | Spider:3 | Noticed DerDa's illusion
 31755 | Spider:3 | Killed Mara
 31843 | Spider:3 | Received a gift from Trog
 31986 | Spider:3 | Paralysed by a hornet for 2 turns
 32227 | Spider:4 | Entered Level 4 of the Spider Nest
 32227 | Spider:4 | Noticed Roxanne
 32970 | Spider:4 | Got a gossamer rune of Zot
 33010 | Spider:4 | Received a gift from Trog
 33246 | Spider:4 | Reached XP level 19. HP: 114/181 MP: 26/26
 33633 | Spider:4 | Killed Roxanne
 33816 | Vaults:1 | Entered Level 1 of the Vaults
 34155 | Vaults:1 | Received a gift from Trog
 34494 | Vaults:1 | Got a brightly glowing long sword {god gift}
 34494 | Vaults:1 | Identified the +7 long sword of Extermination {slice,
                  | Stlth+} (Trog gifted it to you on level 1 of the Vaults)
 35454 | Vaults:1 | Received a gift from Trog
 36480 | Vaults:2 | Paralysed by a great orb of eyes for 3 turns
 37030 | Vaults:2 | Noticed Nikola
 37041 | Vaults:2 | Killed Nikola
 37522 | Vaults:2 | Received a gift from Trog
 38063 | Vaults:2 | Reached XP level 20. HP: 128/191 MP: 27/27
 38661 | Vaults:2 | Found a staircase to the Crypt.
 38805 | Vaults:2 | Received a gift from Trog
 39208 | Vaults:3 | Found Ceulusev's Book Boutique.
 39213 | Vaults:3 | Bought a manual of Armour for 1766 gold pieces
 39993 | Vaults:3 | Noticed Bai Suzhen
 40057 | Vaults:3 | Killed Bai Suzhen
 40057 | Vaults:3 | Reached skill level 15 in Shields
 40331 | Vaults:3 | Paralysed by a great orb of eyes for 7 turns
 40806 | Vaults:4 | Received a gift from Trog
 41446 | Vaults:4 | Received a gift from Trog
 41813 | Vaults:4 | Reached XP level 21. HP: 88/201 MP: 29/29
 42291 | Vaults:4 | Paralysed by an ogre mage for 5 turns
 42294 | Vaults:4 | Slain by a two-headed ogre

Levels and vault maps discovered:
D:1:      grunt_arrival_lava_bath, layout_basic, minmay_misc_feat_square,
          ashenzari_altar_1
D:2:      minmay_roachtagon, layout_loops_cross, overflow_temple_1_default,
          lemuel_crystal_altar, hangedman_decor_clover_reticule,
          minmay_pentomino_v4, uniq_jessica, uniq_crazy_yiuf_cottage
D:3:      layout_basic, lemuel_coloured_pillars_altar, first_ration,
          kennysheep_slug_shrine
D:4:      layout_loops_ring, minmay_temple_entry_mist, hex_medium,
          xom_confusion_cloud, uniq_blork_the_orc
D:5:      layout_cave_pools, kiku_gazebo_pond_becter, zin_scriptorium,
          nicolae_gozag_seed_capital, dk_noncrumbling_3, tso_altar
D:6:      layout_basic, fedhas_altar_decomposition, serial_glass,
          glass_columns_b, glass_columns_a, glass_columns_a, glass_columns_a,
          glass_columns_a, glass_columns_b
D:7:      cheibrodos_quashed, layout_basic
D:8:      layout_rooms, gammafunk_temple_overflow_elements, special_room
          [special_room_orc]
D:9:      minmay_gate_of_8, layout_cross, grunt_temple_overflow_open,
          enter_bailey_2, serial_gnoll_camp, gnoll_camp_huts_moat,
          gnoll_camp_mini_house, gnoll_camp_mini_house, gnoll_camp_mini_hut,
          uniq_erolcha
D:10:     layout_roguey, david_orc_1_choice, uniq_fannar, uniq_psyche
D:11:     layout_basic, david_lair_generic, hangedman_pestilent_swarm,
          grunt_decor_one_mirror, hangedman_abyss_or_decor_stabs
D:12:     cheibrodos_helix_gallery, layout_stronghold, serial_column_ruins,
          column_ruins_temple_hut, column_ruins_columns_straight,
          column_ruins_open_small, column_ruins_grid_1,
          column_ruins_columns_straight, column_ruins_open_tiny,
          nicolae_transmutations_shop, uniq_jorgrun, uniq_nergalle
D:13:     layout_cave_pools, erik_vaults_2, trove_entry_hex_spiral,
          nicolae_looking_at_the_future
D:14:     minmay_the_grid_octo_tiled_octocenter_mashed [minmay_the_grid_octo_77,
          minmay_the_grid_octo_pinwheel, minmay_the_grid_octo_vomiting_pacman,
          minmay_the_grid_octo_clover, minmay_the_grid_octo_prize_single_spiral,
          minmay_the_grid_square_5x5_broken_cross,
          minmay_the_grid_square_5x5_shuriken,
          minmay_the_grid_square_5x5_tetrominoes,
          minmay_the_grid_square_5x5_shrine2], layout_grid_maze,
          grunt_decor_fettered, nicolae_ru_awakened_eye, uniq_azrael
D:15:     grunt_enter_depths_snipers, layout_basic, gauntlet_entry_generic,
          serial_park_square1 [serial_park_minivault_5x5_2],
          minmay_diamond_spiral, uniq_rupert
Temple:   compressed_dpeg_circular_temple
Lair:1:   lemuel_reptile_caves, layout_concentric_octagons, wad_woods_06,
          serial_bayou_ford_a
Lair:2:   layout_loops_ring, nicolae_spider_entry_tight_spaces,
          chequers_serial_rivers_micro_e, uniq_prince_ribbit2
Lair:3:   layout_cave_pods, shoals_dummy_entry, minmay_shattered_shrine
Lair:4:   layout_concentric_octagons, grunt_megastairs_4
Lair:5:   layout_regular_city, basic_altar, ebering_ghost_disaster_area,
          lemuel_fruit_tree, grunt_megastairs_3
Lair:6:   due_jungle_book, layout_long_grid, slime_altar_1,
          serial_bayou_crossing, uniq_snorg, uniq_kirke
Spider:1: spiders_nest_scorpion_pit, nicolae_spider_shape
Spider:2: layout_spider_delve
Spider:3: nicolae_spider_hall_of_the_moth_king, hive_lemuel, uniq_mara
Spider:4: grunt_spider_rune_circles, uniq_roxanne
Orc:1:    layout_caves, enter_volcano_2, hangedman_feature_mirror, mines2_david,
          uniq_urug, uniq_sonja, uniq_erica
Orc:2:    st_orc_open, layout_caves
Vaults:1: vaults_room_ringed_pool, nicolae_vaults_asterisk,
          vaults_room_stairs_pillars, grunt_vaults_funnel,
          nicolae_vaults_statue_guard, ontoclasm_vaults_ring_small,
          nicolae_vaults_ring_of_whatevers, layout_vaults_omnigrid
Vaults:2: vaults_room_fancy_cross, ontoclasm_vaults_ring_large, v_misc_30,
          minmay_crypt_entry_simple_round, nicolae_vaults_twisting_passages,
          ontoclasm_vaults_bender, v_misc_18, vaults_dpeg_cross, v_misc_11,
          hangedman_vaults_slice, layout_vaults_maze_snakey, uniq_nikola
Vaults:3: vaults_room_door_ring, nicolae_vaults_holding_cells,
          nicolae_vaults_hallways_thing, nicolae_vaults_network_barrier,
          hangedman_vaults_corner, v_alt_pattern_3, vaults_room_fancy_cross,
          vaults_dpeg_encased_lava, vaults_room_pool, hangedman_vaults_capsules,
          ontoclasm_vaults_spin, nicolae_vaults_little_squares_3,
          nicolae_vaults_alarming, vaults_mumra_hex,
          ontoclasm_vaults_loading_screen, layout_vaults_omnicross,
          serial_shops, shop, uniq_bai_suzhen
Vaults:4: nicolae_vaults_mini_display_case, v_misc_12,
          nicolae_vaults_specimen_jars, v_misc_25, hangedman_vaults_maws,
          hangedman_vaults_stagger, v_misc_23, ontoclasm_vaults_gallery,
          dpeg_vaults_monster_box, nicolae_vaults_network_quinsquares
          [nicolae_vaults_network_quincunx_subvault,
          nicolae_vaults_network_quincunx_subvault,
          nicolae_vaults_network_quincunx_subvault,
          nicolae_vaults_network_quincunx_subvault],
          hangedman_vaults_stretched_pinwheel, layout_vaults_ring

Skill      XL: |  1  2  3  4  5  6  7  8  9 10 11 12 13 14 15 16 17 18 19 20 21 |
---------------+----------------------------------------------------------------+-----
Fighting       | 4 5 6 7 8 10 12 13 14 15 16 17 18 19 20 | 20.3
Armour         | 3 4 5 6 8 10 11 13 14 15 16 17 18 19 20 | 20.9
Dodging        | 3 4 5 6 7 9 10 12 13 14 15 16 17 18 | 18.9
Shields        | 2 6 8 10 11 12 13 14 15 | 15.7
Evocations     | 1 4 6 8 9 10 11 12 | 12.6
Long Blades    | 6 8 9 11 12 13 14 | 14.0

Action                   |  1- 3 |  4- 6 |  7- 9 | 10-12 | 13-15 | 16-18 | 19-21 || total
-------------------------+-------+-------+-------+-------+-------+-------+-------++-------
Melee: Falchion          |    70 |   135 |   456 |   188 |       |       |       ||   849
       Headbutt          |    12 |    30 |   113 |   187 |   400 |   318 |   544 ||  1604
       Morningstar       |       |       |       |   208 |       |       |       ||   208
       Dire flail        |       |       |       |     1 |       |       |       ||     1
       War axe           |       |       |       |   155 |       |       |       ||   155
       Triple sword      |       |       |       |     6 |       |       |       ||     6
       Long sword        |       |       |       |    64 |   737 |   209 |  1155 ||  2165
       Double sword      |       |       |       |       |   349 |   783 |   156 ||  1288
       Scimitar          |       |       |       |       |       |     8 |       ||     8
 Fire: Arbalest          |       |       |       |   101 |       |       |       ||   101
       Hand crossbow     |       |       |       |       |       |    41 |       ||    41
Invok: Berserk           |     1 |     2 |     2 |     5 |     3 |     4 |     3 ||    20
       Trog's Hand       |       |       |       |     2 |     1 |     5 |     4 ||    12
Evoke: Wand              |       |       |     1 |     1 |     2 |     1 |     2 ||     7
       Phial of floods   |       |       |       |       |     1 |       |     1 ||     2
  Use: Scroll            |       |       |    11 |    12 |     8 |     8 |     1 ||    40
       Potion            |       |       |       |     1 |     1 |     4 |     3 ||     9
 Stab: Confused          |       |       |       |     1 |       |       |       ||     1
       Sleeping          |       |       |       |       |       |       |     2 ||     2
       Distracted        |       |       |       |       |       |       |     1 ||     1
  Eat: Chunk             |     2 |     8 |    28 |    39 |    57 |    27 |    34 ||   195
Armor: Ring mail         |    31 |    62 |   208 |   172 |   345 |   311 |   187 ||  1316
       Scale mail        |       |       |       |   196 |       |       |       ||   196
Dodge: Dodged            |    57 |    88 |   371 |   932 |   969 |   789 |   537 ||  3743
Block: Buckler           |       |       |       |    15 |   101 |       |       ||   116
       Shield            |       |       |       |       |   334 |       |       ||   334
       Large shield      |       |       |       |       |   410 |  1671 |  1510 ||  3591
       Reflection        |       |       |       |       |       |     7 |    81 ||    88
       Rpst.: Falchion   |    17 |    26 |    88 |    45 |       |       |       ||   176
       Triple sword      |       |       |       |     2 |       |       |       ||     2
       Long sword        |       |       |       |    17 |   159 |    15 |    69 ||   260
       Double sword      |       |       |       |       |    66 |   130 |    17 ||   213

Table legend:
 A = Non-vault XP
 B = Vault XP
 C = Vault XP percentage of total XP
 D = Non-vault monster count
 E = Vault monster count
 F = Vault count percentage of total count
                 A         B        C        D         E       F
            +---------+---------+-------+---------+---------+-------
      Total |  325345 |  206789 |  38.9 |    1031 |     513 |  33.2
            +---------+---------+-------+---------+---------+-------
        D:1 |      26 |       0 |   0.0 |      16 |       0 |   0.0
        D:2 |      83 |     118 |  58.7 |      17 |      16 |  48.5
        D:3 |     202 |       4 |   1.9 |      33 |       1 |   2.9
        D:4 |     219 |     137 |  38.5 |       6 |       5 |  45.5
        D:5 |     443 |       0 |   0.0 |      15 |       0 |   0.0
        D:6 |    1151 |     547 |  32.2 |      30 |       7 |  18.9
        D:7 |    1363 |     178 |  11.6 |      26 |       4 |  13.3
        D:8 |    1417 |     233 |  14.1 |      30 |      20 |  40.0
        D:9 |    1772 |    9612 |  84.4 |      24 |      42 |  63.6
       D:10 |    3828 |    2016 |  34.5 |      37 |      11 |  22.9
       D:11 |    2743 |    1361 |  33.2 |      28 |       8 |  22.2
       D:12 |    5375 |    4660 |  46.4 |      43 |       4 |   8.5
       D:13 |   17655 |    5958 |  25.2 |      44 |      19 |  30.2
       D:14 |    5434 |   16044 |  74.7 |      24 |      36 |  60.0
       D:15 |   10277 |   12928 |  55.7 |      44 |       8 |  15.4
     Lair:1 |    3950 |    3251 |  45.1 |      20 |      31 |  60.8
     Lair:2 |    4812 |    2799 |  36.8 |      21 |      11 |  34.4
     Lair:3 |    7769 |    4382 |  36.1 |      29 |      12 |  29.3
     Lair:4 |   13226 |     397 |   2.9 |      41 |       1 |   2.4
     Lair:5 |    7181 |    1520 |  17.5 |      25 |       3 |  10.7
     Lair:6 |   21529 |    6342 |  22.8 |      53 |       8 |  13.1
   Spider:1 |   22639 |    7214 |  24.2 |      64 |      22 |  25.6
   Spider:2 |   17195 |       0 |   0.0 |      47 |       0 |   0.0
   Spider:3 |    7844 |   16145 |  67.3 |      18 |      32 |  64.0
   Spider:4 |   16623 |   21086 |  55.9 |      45 |      30 |  40.0
      Orc:1 |    1180 |    4511 |  79.3 |      10 |      12 |  54.5
      Orc:2 |    2978 |   14308 |  82.8 |      26 |      35 |  57.4
   Vaults:1 |   42081 |    2889 |   6.4 |      65 |       5 |   7.1
   Vaults:2 |   41253 |   19843 |  32.5 |      64 |      33 |  34.0
   Vaults:3 |   11056 |   22449 |  67.0 |      15 |      22 |  59.5
   Vaults:4 |   52041 |   15607 |  23.1 |      71 |      14 |  16.5
     Bailey |       0 |    2013 | 100.0 |       0 |      26 | 100.0
    Volcano |       0 |    4995 | 100.0 |       0 |      24 | 100.0
   Gauntlet |       0 |    3242 | 100.0 |       0 |      11 | 100.0
            +---------+---------+-------+---------+---------+-------
